 Dungeon Crawl Stone Soup version 0.29.0-15-g675c0067aa (webtiles) character file.

Game seed: 3252215352770738116

33 qw the Sneak (level 3, -2/23 HPs)
             Began as a Gargoyle Delver on Sept 11, 2022.
             Frozen to death by an endoplasm (3 damage)
             ... on level 1 of the Dungeon.
             The game lasted 00:00:33 (1038 turns).

qw the Sneak (Gargoyle Delver)                      Turns: 1038, Time: 00:00:34

Health: -2/23      AC:  6    Str: 17    XL:     3   Next: 29%
Magic:  3/3        EV: 11    Int: 10    God:
Gold:   46         SH:  4    Dex: 11    Spells: 2/2 levels left

rFire   . . .      SeeInvis .   Y - +0 hand axe
rCold   . . .      Faith    .   h - +0 buckler
rNeg    + . .      Spirit   .   b - +0 leather armour
rPois   inf        Reflect  .   (no helmet)
rElec   +          Harm     .   (no cloak)
rCorr   .          Rampage  .   (no gloves)
Will    .....                   (no boots)
Stlth   +++.......              (no amulet)
HPRegen 0.07/turn               (no ring)
MPRegen 0.08/turn               (no ring)

@: no status effects
A: sickness immunity, AC +3, negative energy resistance 1, electricity
resistance, torment resistance 1, petrification resistance
a: no special abilities


You were on level 1 of the Dungeon.
You visited 1 branch of the dungeon, and saw 5 of its levels.

You collected 46 gold pieces.


Innate Abilities, Weirdness & Mutations

You are immune to sickness and miasma.
Your stone body is resilient. (AC +3)
You are immune to poison.
You resist negative energy. (rN+)
You are resistant to electric shocks. (rElec)
You are resistant to unholy torment.
You are immune to petrification.


   Skills:
 - Level 3.2 Fighting
 + Level 2.8 Axes
 - Level 1.5 Dodging
 - Level 5.4 Stealth
 - Level 1.6 Shields


You had 2 spell levels left.
You didn't know any spells.
Your spell library was empty.

Inventory:

Hand Weapons
 c - a +0 club
 Y - a +0 hand axe (weapon)
Armour
 b - a +0 leather armour (worn)
 h - a +0 buckler (worn)
Jewellery
 d - a ring of see invisible
Wands
 g - a wand of digging (3)
Scrolls
 a - a scroll of enchant weapon {unknown}
Potions
 e - a potion of lignification {unknown}
 f - a potion of haste

Dungeon Overview and Level Annotations

Branches:
Dungeon (5/15)
 Temple: D:4-7

Altars:


Message History

The endoplasm hits you but does no damage.
The quokka barely misses you.
The endoplasm hits you but does no damage.
You hit the quokka.
You kill the quokka!
You hit the endoplasm. The endoplasm freezes you.
You are frozen.
The ball python bites you. The ball python completely misses you.
You barely miss the endoplasm.
The endoplasm is moderately wounded.
You closely miss the ball python. The endoplasm barely misses you.
The ball python bites you but does no damage.
The ball python grabs you. The ball python constricts you.
You closely miss the ball python. You hit the endoplasm.
The ball python bites you. The ball python constricts you.
The endoplasm hits you but does no damage.
You slash the ball python!
You kill the ball python!
You hit the endoplasm but do no damage. The endoplasm freezes you.
You are frozen.
You barely miss the endoplasm.
The endoplasm is severely wounded.
The endoplasm freezes you.
You are frozen.
The endoplasm freezes you.
You are frozen.
You hit the endoplasm.
You kill the endoplasm!
You hit the endoplasm.
The endoplasm is heavily wounded.
The endoplasm freezes you.
You are frozen.
You barely miss the endoplasm.
The endoplasm is heavily wounded.
The endoplasm freezes you.
You are frozen.
You die...

# ##### #..# .##. ##...# #..#
..>.. ..#.# #..#
#.....#%..###### #..#
#....J@.......# #..#
##..###.....#. #..
.............#)# #.#
###.######.#.#.### #.# #+## #.#
....# #.# ##...## #.# #.#.#
###)# ##.....## #.###.#.#####
##.#)# ##.......###...........#
#....###..^......####...#.###.#


You could see an endoplasm.

Vanquished Creatures
  An adder (D:2)
  3 endoplasms
  3 goblins
  4 hobgoblins
  4 kobolds
  A quokka (D:1)
  2 ball pythons (D:1)
  2 frilled lizards (D:3)
  2 rats
22 creatures vanquished.

Notes
Turn   | Place    | Note
-------+----------+-------------------------------------------
     0 | D:5      | qw the Gargoyle Delver began the quest for the Orb.
     0 | D:5      | Reached XP level 1. HP: 14/14 MP: 1/1
     0 | D:5      | 0 ||| qw: Version: 0.1-a-118-gb4e7ce6
     0 | D:5      | 0 ||| qw: Game counter: 10496
     0 | D:5      | 0 ||| qw: Always use a shield: true
     0 | D:5      | 0 ||| qw: God list: Okawaru
     0 | D:5      | 0 ||| qw: Allow faded altars: false
     0 | D:5      | 0 ||| qw: Do Orc after D:15 true
     0 | D:5      | 0 ||| qw: Do second Lair branch before Depths: true
     0 | D:5      | 0 ||| qw: Lair rune preference: random
     0 | D:5      | 0 ||| qw: Plans: Normal
     0 | D:5      | 0 ||| PLANNING D:1-11
     0 | D:5      | 0 ||| DROPPING scroll of fog.
     1 | D:5      | 1 ||| DROPPING scroll of magic mapping.
     2 | D:5      | 2 ||| DROPPING scroll of fear.
   107 | D:3      | 107 ||| Stepping ~*~*~tactically~*~*~ (stealth).
   150 | D:3      | Reached XP level 2. HP: 9/19 MP: 2/2
   406 | D:3      | 406 ||| UPGRADING to +0 buckler.
   411 | D:3      | 411 ||| READING scroll labelled BITHORI CY PEFAU.
   426 | D:2      | 426 ||| Stepping ~*~*~tactically~*~*~ (stealth).
   450 | D:2      | 450 ||| Stepping ~*~*~tactically~*~*~ (stealth).
   453 | D:2      | 453 ||| Stepping ~*~*~tactically~*~*~ (stealth).
   455 | D:2      | 455 ||| Stepping ~*~*~tactically~*~*~ (stealth).
   457 | D:2      | 457 ||| Stepping ~*~*~tactically~*~*~ (stealth).
   556 | D:2      | Reached skill level 1 in Shields
   556 | D:2      | Reached XP level 3. HP: 7/23 MP: 3/3
   852 | D:1      | 852 ||| Stepping ~*~*~tactically~*~*~ (stealth).
   853 | D:1      | 853 ||| Stepping ~*~*~tactically~*~*~ (stealth).
   858 | D:1      | 858 ||| Stepping ~*~*~tactically~*~*~ (stealth).
   871 | D:1      | 871 ||| Stepping ~*~*~tactically~*~*~ (stealth).
   919 | D:1      | 919 ||| Stepping ~*~*~tactically~*~*~ (stealth).
   932 | D:1      | 932 ||| Stepping ~*~*~tactically~*~*~ (stealth).
   934 | D:1      | 934 ||| Stepping ~*~*~tactically~*~*~ (stealth).
  1037 | D:1      | HP: 1/23 [frozen (5)]
  1038 | D:1      | Frozen to death by an endoplasm

Levels and vault maps discovered:
D:1:      amcnicky_arrival_blooded_trapdoor, layout_loops_corners,
          dreamdust_ecumenical_altar_sealed_demon
D:2:      layout_loops_ring, minmay_bisected
D:3:      layout_rooms, old_standard_altar, uniq_natasha
D:4:      layout_layer_cave, lemuel_tele_altar, minmay_temple_entry_mini_moons,
          hex_tiny
D:5:      layout_basic, nicolae_uskayaw_en_pointe,
          mainiacjoe_overflow_concentric_impassable,
          mainiacjoe_overflow_catwalk_spiral, lemuel_crystal_altar, uniq_edmund

Skill      XL: |  1  2 |
---------------+-------+-----
Axes           | 2 |  2.8
Shields        | 1 |  1.6
Fighting       | |  3.2
Dodging        | |  1.5
Stealth        | |  5.4

Action                   || total
-------------------------++-------
Melee: Hand axe          ||    72
  Use: Scroll            ||     1
 Stab: Sleeping          ||     2
Armor: Leather armour    ||    24
Dodge: Dodged            ||    39
Block: Buckler           ||     5

Table legend:
 A = Non-vault XP
 B = Vault XP
 C = Vault XP percentage of total XP
 D = Non-vault monster count
 E = Vault monster count
 F = Vault count percentage of total count
                 A         B        C        D         E       F
            +---------+---------+-------+---------+---------+-------
      Total |      46 |       2 |   4.2 |      21 |       1 |   4.5
            +---------+---------+-------+---------+---------+-------
        D:1 |      13 |       0 |   0.0 |       9 |       0 |   0.0
        D:2 |      18 |       2 |  10.0 |       3 |       1 |  25.0
        D:3 |      15 |       0 |   0.0 |       9 |       0 |   0.0
            +---------+---------+-------+---------+---------+-------
